 Dungeon Crawl Stone Soup version 0.27.1-34-g3ba077fa99 (webtiles) character file.

Game seed: 1108016748146045951

1314 Eitelfritz the Spear-Bearer (level 8, -2/61 HPs)
             Began as a Merfolk Gladiator on Jan 10, 2022.
             Slain by an ogre (21 damage)
             ... on level 6 of the Dungeon.
             The game lasted 00:16:55 (7641 turns).

Eitelfritz the Spear-Bearer (Merfolk Gladiator)     Turns: 7641, Time: 00:16:55

Health: -2/61      AC:  7    Str: 15    XL:     8   Next: 58%
Magic:  11/11      EV: 14    Int:  9    God:
Gold:   220        SH:  0    Dex: 15    Spells: 7/11 levels left

rFire    . . .     SeeInvis .   a - +0 halberd
rCold    . . .     Faith    .   (shield currently unavailable)
rNeg     . . .     Spirit   .   b - +0 leather armour
rPois    +         Reflect  .   c - +2 helmet
rElec    .         Harm     .   (no cloak)
rCorr    .         Rampage  .   (no gloves)
Will     +....                  z - +0 pair of boots
Stlth    ++........             (no amulet)
HPRegen  0.20/turn              n - ring of poison resistance
MPRegen  0.12/turn              j - ring of willpower

@: no status effects
A: (nimble swimmer 2), mertail
a: no special abilities


You were on level 6 of the Dungeon.
You visited 1 branch of the dungeon, and saw 6 of its levels.

You collected 220 gold pieces.

Inventory:

Hand Weapons
 a - a +0 halberd (weapon)
 l - a +0 hand crossbow
 o - the +3 arbalest of Melee {venom, rPois rN+ Str+3}
   (You took it off an orc priest on level 4 of the Dungeon)

   Any ammunition fired from it poisons the flesh of those it strikes.
   Str:       It affects your strength (+3).
   rPois:     It protects you from poison.
   rN:        It protects you from negative energy.
 u - a +0 trident
Missiles
 d - 4 throwing nets
 h - 147 stones (quivered)
Armour
 b - a +0 leather armour (worn)
 c - a +2 helmet (worn)
 t - a +2 scale mail of poison resistance
 z - a +0 pair of boots (worn)
Jewellery
 j - a ring of willpower (right hand)
 n - a ring of poison resistance (left hand)
 x - a ring of magical power
Wands
 p - a wand of charming (4)
 y - a wand of iceblast (16)
Scrolls
 e - a scroll of enchant armour
 i - a scroll of teleportation
 s - a scroll of magic mapping
 A - a scroll of holy word {unknown}
Potions
 f - a potion of cancellation {unknown}
 g - a potion of lignification {unknown}
 k - 2 potions of curing
 m - a potion of magic {unknown}
 q - 2 potions of brilliance
 r - a potion of heal wounds {unknown}
 v - a potion of ambrosia {unknown}
 w - a potion of degeneration {unknown}


   Skills:
 + Level 4.3 Fighting
 + Level 9.1 Polearms
 + Level 2.1 Throwing
 + Level 3.2 Armour
 + Level 6.5 Dodging
 + Level 2.9 Stealth
 + Level 2.2 Spellcasting
 + Level 2.3 Summonings
 + Level 0.1 Evocations


You had 7 spell levels left.
You knew the following spells:

 Your Spells              Type           Power      Damage    Failure   Level
a - Summon Small Mammal   Summ           20%        N/A       16%         1
b - Call Canine Familiar  Summ           5%         N/A       41%         3

Your spell library contained the following spells:

 Spells                   Type           Power      Damage    Failure   Level
 Summon Guardian Golem    Hex/Summ       3%         N/A       58%         3
 Conjure Flame            Conj/Fire      0%         6-21      77%         3
 Ignite Poison            Fire/Tmut/Pois 0%         N/A       77%         3
 Sticky Flame             Conj/Fire      0%         2d3       99%         4


Dungeon Overview and Level Annotations

Branches:
Dungeon (6/15)             Temple (0/1) D:6

Altars:

Portals:
Ossuary: D:6

Annotations:
D:4 3 runed translucent doors, KamiKatze's ghost, amateur GrFi


Innate Abilities, Weirdness & Mutations

((You are quick and stealthy near water. (Stealth+, EV+, Speed+++)))
Your lower body shifts to a powerful aquatic tail in water.


Message History

An orc wizard comes into view. It is wielding a +0 dagger.
Menkaure gestures wildly while chanting.
Menkaure seems to speed up.
The orc wizard shouts!
You hit Menkaure.
Menkaure is severely damaged.
Menkaure misses you.
You hit Menkaure.
Menkaure is almost destroyed.
Menkaure points at you and mumbles some strange words.
Pain shoots through your body! Menkaure casts a spell at you.
Pain shoots through your body!
You slash Menkaure!
You destroy Menkaure!
Your Polearms skill increases to level 9!
Found a lajatang.
An orc comes into view. It is wielding a +0 whip.
The orc shouts!
You hit the orc wizard but do no damage.
The orc wizard hits you but does no damage.
The ogre hits you with a +0 giant club!
You barely miss the orc wizard.
A shadow imp comes into view.
The orc wizard hits you with a +0 dagger.
The shadow imp shouts!
You slash the orc wizard!
The orc wizard is almost dead.
The ogre hits you with a +0 giant club.
The orc wizard points at you and mumbles some strange words.
You resist with almost no effort.
An orc wizard comes into view. It is wielding a +0 dagger.
The orc wizard shouts!
The orc wizard points at you and mumbles some strange words.
The magic dart hits you!
* * * LOW HITPOINT WARNING * * *
You see here 13 stones.
Unknown command.
The ogre hits you with a +0 giant club!!
You die...

..#..).....#
..........
.........###
#..........#
##........#.##
.o.......8..#
#.o###.....#
#...##8.@.8##
#.#o.#.O....#
#>##.#..8...# #.
#.o......#
#.##.##.....#
##.....#.....#
###.........####
#...##...##.###
..#.##...##...##


You could see an ogre and an orc wizard.

Vanquished Creatures
  Menkaure (D:6)
  2 necrophages
  A black bear (D:5)
  An ogre (D:5)
  A scorpion (D:6)
  2 bullfrog zombies (D:5)
  A centaur zombie (D:5)
  A centaur skeleton (D:4)
  2 hounds
  2 jellies
  3 orc priests
  2 iguanas
  4 orc wizards
  A howler monkey zombie (D:6)
  9 gnolls
  4 adders
  An ufetubus (D:6)
  4 worms
  17 orcs
  9 endoplasms
  4 giant cockroaches
  5 hobgoblins
  8 kobolds
  14 ball pythons
  2 bats
  4 frilled lizards
  11 goblins
  5 rats
121 creatures vanquished.

Vanquished Creatures (collateral kills)
  A gnoll shaman (D:5)
  2 gnolls (D:5)
3 creatures vanquished.

Grand Total: 124 creatures vanquished

Notes
Turn   | Place    | Note
-------+----------+-------------------------------------------
     0 | D:1      | Eitelfritz the Merfolk Gladiator began the quest for the
                  | Orb.
     0 | D:1      | Reached XP level 1. HP: 16/16 MP: 1/1
   126 | D:1      | Reached XP level 2. HP: 23/23 MP: 2/2
   417 | D:1      | Reached skill level 5 in Polearms
   725 | D:2      | Reached XP level 3. HP: 28/28 MP: 3/3
  1079 | D:2      | Reached skill level 1 in Armour
  1079 | D:2      | Reached XP level 4. HP: 26/34 MP: 4/4
  2118 | D:3      | Learned a level 1 spell: Summon Small Mammal
  2525 | D:3      | Reached XP level 5. HP: 15/40 MP: 5/5
  2530 | D:3      | HP: 2/40 [orc priest (4)]
  2533 | D:3      | Reached skill level 6 in Polearms
  3266 | D:3      | Reached skill level 1 in Summonings
  3535 | D:3      | Reached skill level 1 in Spellcasting
  3935 | D:3      | Learned a level 3 spell: Call Canine Familiar
  4113 | D:4      | Noticed a necrophage
  4144 | D:4      | Killed a necrophage
  4145 | D:4      | Reached skill level 5 in Dodging
  4145 | D:4      | Reached skill level 1 in Stealth
  4145 | D:4      | Reached XP level 6. HP: 17/47 MP: 7/7
  4413 | D:4      | Identified the +3 arbalest of Melee {venom, rPois rN+
                  | Str+3}
  4596 | D:4      | Reached skill level 7 in Polearms
  4596 | D:4      | Reached XP level 7. HP: 18/52 MP: 9/9
  5248 | D:4      | Found a runed translucent gate.
  5248 | D:4      | Found a runed translucent gate.
  5250 | D:4      | Found a runed translucent gate.
  5256 | D:4      | Noticed KamiKatze's ghost (amateur GrFi)
  5703 | D:5      | Entered Level 5 of the Dungeon
  6785 | D:5      | Reached skill level 8 in Polearms
  6785 | D:5      | Reached XP level 8. HP: 54/60 MP: 8/10
  7578 | D:6      | Found a staircase to the Ecumenical Temple.
  7616 | D:6      | Found a sand-covered staircase.
  7621 | D:6      | Noticed Menkaure
  7630 | D:6      | Killed Menkaure
  7631 | D:6      | Reached skill level 9 in Polearms
  7641 | D:6      | Slain by an ogre

Illustrated notes

Levels and vault maps discovered:
D:1:      kennysheep_arrival_forest, layout_basic, serial_forest,
          infiniplex_forest_pool, infiniplex_forest_lined_ring,
          infiniplex_forest_clump_double, infiniplex_forest_fountain,
          infiniplex_forest_straight_5, chequers_avenue, grunt_decor_junction
D:2:      layout_basic
D:3:      layout_basic
D:4:      layout_layer_cave, gammafunk_ghost_split
D:5:      layout_basic
D:6:      layout_rooms, minmay_temple_entry_stoned_glass,
          nicolae_ossuary_entry_monument, kennysheep_generic_room_4,
          uniq_menkaure

Skill      XL: |  1  2  3  4  5  6  7  8 |
---------------+-------------------------+-----
Polearms       | 5 6 7 8 9 |  9.1
Armour         | 1 2 3 |  3.2
Summonings     | 1 2 |  2.3
Spellcasting   | 1 2 |  2.2
Fighting       | 3 4 |  4.3
Dodging        | 5 6 |  6.5
Stealth        | 1 2 |  2.9
Throwing       | |  2.1
Evocations     | |  0.1

Action                   |  1- 3 |  4- 6 |  7- 9 || total
-------------------------+-------+-------+-------++-------
Melee: Trident           |    90 |   200 |   131 ||   421
       Halberd           |       |       |    68 ||    68
Throw: Stone             |     3 |     4 |       ||     7
       Throwing net      |     1 |       |       ||     1
 Cast: Summon Small Mamm |       |    14 |     5 ||    19
Evoke: Wand              |       |       |     2 ||     2
  Use: Scroll            |       |     7 |     2 ||     9
       Potion            |       |     1 |       ||     1
 Stab: Sleeping          |     1 |     3 |     4 ||     8
       Distracted        |       |       |     1 ||     1
Armor: Leather armour    |    11 |    47 |    38 ||    96
Dodge: Dodged            |    45 |    98 |   136 ||   279
